Map: Ice and Chrome LE

Players

Massa - Winner!

  • Race: Terran Terran
  • League: Gold
  • Spawn Location: 1:00

SiostraBasen

  • Race: Zerg Zerg
  • League: Platinum
  • Spawn Location: 7:00

VOD

Have the link to the VOD?

Description

Time

  • Played on: Sept. 1, 2020, 12:31 p.m.
  • Length: 15:37
Show
View Real Time Build Order
Export as new Build Order

Massa Terran - Winner!

Build Orders: Gas First Reaper Expand 

Get SALT Encoding   

  12  0:01  SCV  
  13  0:13  SCV  
  14  0:21  Supply Depot  
  14  0:25  SCV  
  15  0:29  Refinery  
  15  0:43  SCV  
  15  0:45  Barracks  
  16  0:55  SCV  
  17  1:07  SCV  
  18  1:19  SCV  
  19  1:32  Reaper  
  20  1:33  Orbital Command  
  20  1:43  Command Center  
  20  2:01  SCV  
  21  2:04  Marine  
  21  2:05  Supply Depot  
  22  2:12  Factory  
  22  2:16  SCV  
  22  2:22  Barracks Reactor  
  23  2:28  SCV  
  23  2:59  Orbital Command, SCV  
  23  3:01  Starport  
  24  3:11  Barracks Tech Lab  
  24  3:12  SCV  
  25  3:14  Supply Depot  
  25  3:16  Hellion x2  
  29  3:24  SCV x2  
  31  3:33  Marauder  
  33  3:35  Refinery  
  33  3:36  SCV x2  
  33  3:39  Refinery  
  33  3:40  Hellion  
  33  3:41  Hellion  
  39  3:48  SCV x2, Viking  
  43  4:02  Hellion x2  
  47  4:03  Marine  
  48  4:10  Barracks  
  48  4:14  Command Center  
  48  4:24  SCV x2  
  50  4:36  SCV x2  
  52  4:48  Medivac  
  54  5:09  Barracks  
  54  5:12  Supply Depot  
  54  5:14  Supply Depot  
  54  5:17  Supply Depot  
  54  5:24  Engineering Bay  
  54  5:25  SCV x2  
  54  5:26  Hellion x2, Marauder  
  54  5:27  Orbital Command, Engineering Bay  
  62  5:31  Stimpack  
  62  5:38  SCV x2  
  64  5:47  Barracks Reactor, Hellion x2, Marauder  
  70  5:50  SCV  
  70  5:53  Barracks  
  71  6:00  Barracks Reactor  
  71  6:03  SCV x2  
  74  6:06  Orbital Command  
  74  6:08  Marauder  
  75  6:12  Medivac  
  75  6:14  Terran Infantry Armor Level 1, Terran Infantry Weapons Level 1  
  75  6:15  SCV x2  
  79  6:30  Marauder  
  79  6:32  SCV  
  82  6:33  SCV x2  
  82  6:37  Widow Mine x2  
  88  6:44  SCV  
  89  6:51  Marauder  
  89  6:53  Barracks Reactor, Marine x2  
  93  6:59  Supply Depot  
  93  7:02  Widow Mine  
  93  7:10  Combat Shield  
  93  7:21  Widow Mine, Marauder, Marine x4  
  101  7:28  Widow Mine  
  101  7:36  Supply Depot  
  101  7:41  Supply Depot  
  101  7:43  Supply Depot  
  101  7:58  SCV x2, Marauder, Marine x4  
  109  8:02  SCV  
  109  8:03  Widow Mine x2  
  109  8:04  Supply Depot  
  114  8:06  Supply Depot  
  114  8:08  Missile Turret  
  114  8:10  SCV x2  
  114  8:11  Command Center  
  116  8:13  Armory  
  116  8:15  SCV, Marine x2  
  116  8:17  Armory  
  121  8:20  Marauder  
  121  8:22  SCV x2, Supply Depot  
  121  8:23  Supply Depot  
  121  8:24  Widow Mine  
  121  8:26  Missile Turret  
  125  8:28  Missile Turret  
  125  8:31  Missile Turret  
  125  8:33  Marine  
  125  8:34  Marine x5  
  133  8:41  Marauder  
  133  8:46  Supply Depot  
  133  8:47  Widow Mine x2, Supply Depot  
  137  8:51  Marine x6  
  137  8:52  Refinery  
  143  8:58  Medivac  
  143  9:02  Marauder  
  147  9:07  Concussive Shells  
  147  9:08  Widow Mine x2  
  147  9:09  Marine x3  
  154  9:10  Marine x2, Supply Depot  
  154  9:11  Marine, Supply Depot  
  157  9:24  Marauder  
  159  9:27  Marine x3  
  159  9:28  Marine x2, Medivac  
  159  9:29  Marine  
  159  9:30  Widow Mine  
  169  9:40  Widow Mine  
  169  9:45  Marauder  
  173  9:49  Factory  
  173  9:52  Factory x2  
  173  9:58  Starport Tech Lab  
  173  10:02  Terran Infantry Armor Level 2, Starport, Terran Infantry Weapons Level 2  
  173  10:04  Terran Vehicle Weapons Level 1  
  173  10:05  Orbital Command, Terran Vehicle And Ship Armor Level 1  
  173  10:06  Marauder  
  175  10:11  Refinery  
  175  10:16  Marine x2  
  175  10:17  Marine x4  
  181  10:28  Marauder  
  181  10:34  Marine  
  182  10:49  Marauder  
  184  10:54  Factory Tech Lab x3  
  184  11:02  Barracks  
  184  11:07  Factory Tech Lab  
  184  11:11  Starport Tech Lab, Marauder  
  186  11:14  Banshee  
  186  11:17  Cloaking Field  
  189  11:24  SCV  
  189  11:25  SCV x2  
  192  11:37  SCV x3  
  195  11:43  Banshee  
  195  11:47  Orbital Command  
  194  12:36  Hyperflight Rotors  
  151  13:25  Marauder  
  151  13:26  Marine x6  
  151  13:27  Thor x4  
  161  13:43  Marine  
  161  13:44  Marine x5  
  161  13:47  Marauder  
  137  14:08  Marauder  
  137  14:09  Thor  
  139  14:10  Thor x3  
  160  14:20  Banshee x2  
  163  14:29  Marine x3  
  163  14:30  Marauder, Marine x5  
  173  14:36  Missile Turret  
  173  14:41  Refinery x2  
  173  14:47  Marine x8  
  173  14:51  Marauder  
  183  14:53  Command Center  
  183  14:57  Missile Turret  
  183  15:05  Marine x8  
  197  15:07  Refinery  
  197  15:12  Marauder  
Show
View Real Time Build Order
Export as new Build Order

SiostraBasen Zerg 

Build Orders: Pool First 

Get SALT Encoding   

  12  0:00  Drone  
  13  0:12  Overlord  
  13  0:22  Drone  
  14  0:31  Drone x2  
  14  0:34  Drone  
  17  0:45  Drone  
  17  0:48  Extractor  
  17  0:51  Spawning Pool  
  17  0:56  Drone  
  17  1:18  Hatchery  
  16  1:23  Drone  
  16  1:24  Drone  
  18  1:39  Queen  
  20  1:43  Overlord  
  20  1:49  Zergling x2  
  20  1:53  Zergling x2  
  22  1:58  Metabolic Boost  
  22  2:03  Drone  
  22  2:31  Queen x2  
  25  2:56  Drone x5  
  25  2:57  Drone  
  31  3:18  Hatchery  
  30  3:20  Pneumatized Carapace  
  30  3:33  Drone x3  
  30  3:34  Drone, Overlord  
  34  3:35  Overlord  
  34  3:46  Drone, Roach Warren  
  34  3:48  Drone  
  35  4:05  Lair  
  35  4:09  Drone x2  
  38  4:10  Drone x3  
  38  4:11  Overlord  
  40  4:32  Roach x4  
  48  4:47  Zergling x4  
  48  4:48  Zergling x2  
  51  5:08  Extractor  
  51  5:11  Extractor x2, Drone x2  
  51  5:13  Overlord x3  
  51  5:14  Overlord x2  
  50  5:39  Drone x4  
  50  5:40  Drone x2, Overlord x2  
  56  5:49  Spore Crawler  
  55  5:51  Spore Crawler  
  54  6:03  Drone x7  
  61  6:04  Overlord x2  
  61  6:13  Spore Crawler  
  61  6:15  Spine Crawler  
  59  6:19  Spine Crawler  
  58  6:44  Drone x2  
  58  6:45  Drone x7  
  58  6:46  Drone x5, Overlord  
  58  6:47  Overlord x3  
  71  7:21  Roach  
  71  7:22  Roach x13  
  99  7:24  Hatchery  
  98  7:34  Queen x2  
  98  7:35  Queen  
  104  7:40  Spire  
  103  8:00  Spine Crawler  
  103  8:02  Spore Crawler  
  103  8:03  Spore Crawler  
  100  8:07  Spore Crawler  
  100  8:10  Infestation Pit  
  100  8:12  Glial Reconstitution  
  98  8:14  Evolution Chamber  
  98  8:16  Ravager  
  98  8:17  Ravager x4  
  102  8:21  Drone, Evolution Chamber  
  102  8:22  Drone x5, Extractor x2  
  102  8:23  Overlord x3  
  102  8:26  Overseer x3  
  105  8:47  Hydralisk Den  
  105  8:48  Zerg Missile Weapons Level 1, Zerg Ground Armor Level 1  
  104  8:54  Roach  
  104  8:55  Roach x10  
  125  8:59  Queen  
  127  9:33  Drone x5  
  127  9:34  Drone x2, Overlord x2  
  133  9:48  Ravager x3  
  133  9:49  Ravager x2  
  138  9:53  Grooved Spines  
  138  9:56  Hive  
  136  10:35  Drone x4  
  139  10:36  Drone x2, Overlord x2  
  142  10:45  Extractor x2  
  142  10:47  Corruptor x4  
  142  10:48  Corruptor x3  
  154  10:55  Roach x4  
  154  10:56  Roach  
  164  11:05  Muscular Augments  
  164  11:31  Zerg Missile Weapons Level 2  
  164  11:32  Zerg Ground Armor Level 2  
  164  11:41  Spine Crawler  
  164  11:42  Viper, Zerg Flyer Weapons Level 1  
  164  11:43  Spore Crawler, Viper  
  164  11:44  Spore Crawler  
  167  12:00  Drone  
  167  12:01  Drone x6  
  171  12:02  Drone, Overlord x2  
  171  12:04  Hatchery  
  174  12:20  Viper x3  
  183  12:32  Roach x5  
  183  12:33  Roach x3  
  107  13:24  Roach x6  
  107  13:25  Roach x18  
  139  13:30  Zergling x2  
  139  13:31  Zergling x28  
  99  14:00  Overseer  
  94  14:08  Ravager  
  94  14:21  Corruptor x7  
  108  14:27  Hatchery  
  107  14:44  Zergling x8  
  111  14:48  Queen  
  111  14:50  Hatchery  
  112  15:01  Roach x2  
Tags
 
Add a new tag
Caveats
  • Supply blocks, unpowered buildings, or Contaminate may cause inaccurate times.
  • Supply counts are checked every 10 seconds.